[Event "Titled Tuesday Blitz August 1 Late 2023"]
[White "Ibarra Jerez, Jose Carlos"]
[Black "Gasparyan, David"]
[WhiteFideId "2226332"]
[BlackFideId "13311980"]
[WhiteElo "2879"]
[BlackElo "2505"]
[Result "1-0"]
[Round "4"]
[TimeControl "180+1"]
[Date "2023.08.01"]
[WhiteClock "0:01:05"]
[BlackClock "0:00:08"]
[Board "83"]

1. e4 a6 2. d4 c6 3. Nf3 d5 4. Nc3 dxe4 5. Nxe4 Nf6 6. Nxf6+ exf6 7. Bd3 Bd6 8. h3 Be6 9. O-O O-O 10. c4 Nd7 11. d5 cxd5 12. cxd5 Bxd5 13. Bxh7+ Kxh7 14. Qxd5 Nc5 15. Rd1 Bc7 16. Qh5+ Kg8 17. Rxd8 Raxd8 18. Be3 Nd3 19. Qg4 Kh8 20. b3 Rd5 21. Rd1 Rfd8 22. Rd2 Kg8 23. g3 Ba5 24. b4 Bc7 25. Qc4 Bb8 26. Bb6 Ne5 27. Rxd5 1-0


[Site "https://www.chess.com"]

[Event "Titled Tuesday Blitz August 1 Late 2023"]
[White "Haszon, David"]
[Black "Rasulov, Vugar"]
[WhiteFideId "733610"]
[BlackFideId "13402390"]
[WhiteElo "2499"]
[BlackElo "2826"]
[Result "0-1"]
[Round "4"]
[TimeControl "180+1"]
[Date "2023.08.01"]
[WhiteClock "0:00:02"]
[BlackClock "0:01:08"]
[Board "84"]

1. d4 g6 2. e4 Bg7 3. Nc3 c6 4. h4 d5 5. h5 dxe4 6. Be3 Nf6 7. h6 Bf8 8. Qd2 e6 9. f3 exf3 10. Nxf3 Bb4 11. Bg5 Ne4 12. Qf4 Nxg5 13. Nxg5 O-O 14. O-O-O Bd6 15. Qe3 Be7 16. Nf3 Nd7 17. Kb1 Nb6 18. g4 Nd5 19. Nxd5 cxd5 20. g5 Bd7 21. Bd3 Rc8 22. Rdg1 a6 23. Ne5 Bb5 24. Nxg6 hxg6 25. Qe5 f6 26. Qxe6+ Kh8 27. Bxg6 Rc6 28. Qg4 fxg5 29. Bf5 Qc7 30. Re1 Bd8 31. c3 Qf4 32. Qh3 Qxf5+ 33. Qxf5 Rxf5 34. Re8+ Kh7 35. Rxd8 Rxh6 36. Rd7+ Bxd7 0-1


[Site "https://www.chess.com"]

[Event "Titled Tuesday Blitz August 1 Late 2023"]
[White "Fantastic_Power"]
[Black "Novik, Maxim"]
[BlackFideId "4102924"]
[WhiteElo "2760"]
[BlackElo "2503"]
[Result "1-0"]
[Round "4"]
[TimeControl "180+1"]
[Date "2023.08.01"]
[WhiteClock "0:01:08"]
[BlackClock "0:01:21"]
[Board "85"]

1. e4 c6 2. d4 d5 3. e5 Bf5 4. h4 Qb6 5. a4 c5 6. dxc5 Qxc5 7. Nc3 d4 8. Nb5 Qxe5+ 9. Ne2 Na6 10. Bf4 Qc5 11. Qxd4 Qxd4 12. Nexd4 Bd7 13. Bc4 e6 14. O-O-O Nf6 15. Rhe1 Be7 16. Nd6+ Bxd6 17. Bxd6 Bxa4 18. Nxe6 fxe6 19. Bxe6 Bd7 20. Bd5+ Kd8 21. Bxb7 Nc7 22. Be7+ Ke8 23. Bxf6+ Kf7 24. Be5 1-0


[Site "https://www.chess.com"]

[Event "Titled Tuesday Blitz August 1 Late 2023"]
[White "Golubka, Petro"]
[Black "Nanu, Costica-Ciprian"]
[WhiteFideId "14114224"]
[BlackFideId "1204580"]
[WhiteElo "2711"]
[BlackElo "2496"]
[Result "1-0"]
[Round "4"]
[TimeControl "180+1"]
[Date "2023.08.01"]
[WhiteClock "0:00:18"]
[BlackClock "0:00:17"]
[Board "86"]

1. e4 c5 2. b3 Nc6 3. Bb2 e6 4. Bb5 d6 5. f4 Nf6 6. Qe2 Bd7 7. Bxc6 Bxc6 8. Nc3 Rb8 9. Nf3 b5 10. e5 Nd5 11. Nxd5 Bxd5 12. exd6 Bxd6 13. Bxg7 Rg8 14. Be5 Bxe5 15. fxe5 Bxf3 16. gxf3 Qd4 17. c3 Qh4+ 18. Kd1 Ke7 19. Qe3 Rbc8 20. Kc2 Qh3 21. Rag1 Qf5+ 22. Kb2 Rg6 23. Rg3 f6 24. exf6+ Qxf6 25. Rhg1 Rxg3 26. hxg3 Qf5 27. g4 Qg6 28. b4 cxb4 29. Qxa7+ Kf8 30. Qd7 bxc3+ 31. dxc3 Re8 32. Qxb5 Qf6 33. Rd1 Qf4 34. Qb4+ Qxb4+ 35. cxb4 Kf7 36. a4 Kf6 37. b5 Ke5 38. Rd3 Rb8 39. Kb3 Kf4 40. Kb4 e5 41. a5 e4 42. fxe4 Kxg4 43. a6 h5 44. a7 Re8 1-0


[Site "https://www.chess.com"]

[Event "Titled Tuesday Blitz August 1 Late 2023"]
[White "ArchibaldCerveza29"]
[Black "Papasimakopoulos, Alexandros"]
[BlackFideId "4244125"]
[WhiteElo "2476"]
[BlackElo "2693"]
[Result "1/2-1/2"]
[Round "4"]
[TimeControl "180+1"]
[Date "2023.08.01"]
[WhiteClock "0:00:18"]
[BlackClock "0:00:06"]
[Board "87"]

1. e4 e6 2. d4 d5 3. Nd2 Nf6 4. Bd3 c5 5. c3 Nc6 6. Ngf3 cxd4 7. cxd4 dxe4 8. Nxe4 Nxe4 9. Bxe4 Bb4+ 10. Bd2 Bxd2+ 11. Qxd2 Bd7 12. O-O-O Ne7 13. Kb1 Bc6 14. Bc2 Bxf3 15. gxf3 O-O 16. h4 Nf5 17. d5 Qf6 18. dxe6 fxe6 19. h5 Rad8 20. Qc1 Nd4 21. Be4 Nxf3 22. Rxd8 Rxd8 23. Ka1 Nd2 24. Bxb7 Qxf2 25. Bc8 Qb6 26. Re1 Qa5 27. Bxe6+ Kh8 28. h6 gxh6 29. Rg1 h5 30. Qc2 Nf3 31. Qf2 Qb6 32. Qxb6 axb6 33. Rf1 Nd4 34. Bc4 Nc2+ 35. Kb1 Ne3 36. Rc1 h4 37. Be6 Rd6 38. Bh3 Kg7 39. a4 Kf6 40. Ka2 Ke5 41. Rc7 h6 42. Rg7 Kf4 43. Ka3 Rd1 44. b4 Rh1 45. Bc8 h3 46. Bb7 Ng2 47. Bxg2 hxg2 48. Rxg2 Kf5 49. a5 bxa5 50. bxa5 h5 51. Kb4 h4 52. Kb5 h3 53. Rg8 h2 54. Rh8 Rb1+ 55. Kc6 h1=Q+ 56. Rxh1 Rxh1 57. a6 Rc1+ 58. Kb7 Rb1+ 59. Kc7 Ra1 60. Kb7 Rb1+ 61. Kc7 Ke6 62. a7 Ra1 63. Kb7 Kd7 64. a8=Q Rb1+ 65. Ka7 Ra1+ 66. Kb7 Rxa8 67. Kxa8 1/2-1/2


[Site "https://www.chess.com"]

[Event "Titled Tuesday Blitz August 1 Late 2023"]
[White "Sanhueza, Cristian"]
[Black "Fiorito, Joaquin"]
[WhiteFideId "116815"]
[BlackFideId "180173"]
[WhiteElo "2485"]
[BlackElo "2691"]
[Result "0-1"]
[Round "4"]
[TimeControl "180+1"]
[Date "2023.08.01"]
[WhiteClock "0:00:00"]
[BlackClock "0:00:07"]
[Board "88"]

1. d4 Nf6 2. Bf4 d5 3. e3 c5 4. c3 Nc6 5. Nf3 Qb6 6. Qc2 g6 7. Nbd2 Bg7 8. Be2 O-O 9. O-O Bf5 10. dxc5 Qxc5 11. Qb3 Na5 12. Qb4 b6 13. Ba6 Nd7 14. Nd4 Rae8 15. Nxf5 gxf5 16. Bb5 Rd8 17. Nb3 Nxb3 18. axb3 Qxb4 19. cxb4 Nf6 20. Rxa7 e6 21. Bc7 Rc8 22. Bd6 Ra8 23. Rfa1 Rxa7 24. Rxa7 Rc8 25. h3 Ne4 26. Bc7 Bxb2 27. Bd7 Rf8 28. Bxb6 Rb8 29. Bc5 Be5 30. f4 Bc3 31. Bc6 Bxb4 32. Bxb4 Rxb4 33. Ra8+ Kg7 34. Ba4 Nc5 35. Ra7 Kf6 36. Be8 Nb7 37. Bc6 Nd6 38. Ba4 d4 39. Kf2 Ne4+ 40. Ke2 Nc5 41. exd4 Rxd4 42. Ra5 Ne4 43. Be8 Nd6 0-1


[Site "https://www.chess.com"]

[Event "Titled Tuesday Blitz August 1 Late 2023"]
[White "Sokolovsky, Yahli"]
[Black "ExchangeAB"]
[WhiteFideId "2820242"]
[WhiteElo "2664"]
[BlackElo "2467"]
[Result "0-1"]
[Round "4"]
[TimeControl "180+1"]
[Date "2023.08.01"]
[WhiteClock "0:02:40"]
[BlackClock "0:02:32"]
[Board "89"]

1. b3 d5 2. Bb2 Nf6 3. e3 Bf5 4. Nf3 e6 5. d4 h6 6. Bd3 Bxd3 7. Qxd3 Ne4 8. Nbd2 Nxd2 9. Qxd2 c6 10. Ne5 Nd7 11. c4 Nxe5 12. dxe5 dxc4 13. Qxd8+ Rxd8 14. bxc4 Bb4+ 15. Kf1 Rd2 16. Rb1 O-O 17. Bc1 Rd1+ 0-1


[Site "https://www.chess.com"]

[Event "Titled Tuesday Blitz August 1 Late 2023"]
[White "Manukyan, Sargis A."]
[Black "ChessSG1"]
[WhiteFideId "13303970"]
[WhiteElo "2645"]
[BlackElo "2469"]
[Result "1-0"]
[Round "4"]
[TimeControl "180+1"]
[Date "2023.08.01"]
[WhiteClock "0:01:56"]
[BlackClock "0:00:00"]
[Board "90"]

1. d4 Nf6 2. c4 e6 3. Nc3 d5 4. Bg5 dxc4 5. e3 a6 6. Bxc4 c5 7. Nf3 b5 8. Be2 Bb7 9. O-O Nbd7 10. dxc5 Bxc5 11. a3 O-O 12. b4 Be7 13. Qb3 h6 14. Bh4 Rc8 15. Rac1 Qb6 16. Rfd1 Rfd8 17. a4 bxa4 18. Nxa4 Qxb4 19. Qxb4 Bxb4 20. Nd4 g5 21. Bg3 Rxc1 22. Rxc1 Ne4 23. Bf3 Ndc5 24. Nxc5 Nxc5 25. Bxb7 Nxb7 26. Nc6 Ba3 27. Nxd8 Bxc1 28. Nxb7 Bd2 29. Kf1 a5 30. Nc5 Bb4 31. Na4 Kf8 32. Ke2 Ke8 33. Kd3 Kd7 34. Kc4 Kc6 35. Be5 Be1 36. f3 f5 37. Bc3 Bf2 38. e4 g4 39. Bxa5 h5 40. Bc3 h4 41. h3 gxh3 42. gxh3 fxe4 43. fxe4 Bg3 44. Bd4 Kd6 45. Nc3 e5 46. Be3 Ke6 47. Ne2 Bh2 48. Bg1 Bg3 49. Nxg3 hxg3 50. Kd3 Kf6 51. Ke3 Kg5 52. Kf3 Kh4 53. Kg2 1-0


[Site "https://www.chess.com"]

[Event "Titled Tuesday Blitz August 1 Late 2023"]
[White "Sun, Rick"]
[Black "Arnold, Ken"]
[WhiteFideId "30909481"]
[BlackFideId "2056836"]
[WhiteElo "2627"]
[BlackElo "2432"]
[Result "1-0"]
[Round "4"]
[TimeControl "180+1"]
[Date "2023.08.01"]
[WhiteClock "0:00:04"]
[BlackClock "0:00:00"]
[Board "91"]

1. e4 c6 2. d4 d5 3. f3 dxe4 4. fxe4 e5 5. Nf3 Bg4 6. Bc4 Nd7 7. O-O Ngf6 8. Qe1 Bd6 9. Qg3 Qe7 10. Ng5 O-O 11. Qh4 Bh5 12. c3 Bg6 13. Nd2 b5 14. Bb3 a5 15. a4 Bc7 16. Kh1 Rae8 17. axb5 cxb5 18. d5 a4 19. Bc2 Bd6 20. b3 axb3 21. Bxb3 Nc5 22. Bc2 Ra8 23. Rb1 Na4 24. Qh3 Rac8 25. Rb3 Nc5 26. Rxb5 h6 27. Ngf3 Ncxe4 28. Nxe4 Nxe4 29. Bxe4 Bxe4 30. Re1 Bxf3 31. Qxf3 Qc7 32. Rb3 Qc4 33. Qd1 e4 34. Rb6 Bc5 35. Rc6 Rxc6 36. dxc6 Qe6 37. Qe2 Qxc6 38. Qxe4 Qxe4 39. Rxe4 Rc8 40. g3 f6 41. c4 Kf7 42. Kg2 f5 43. Re5 g6 44. Re2 Be7 45. Rc2 Bf6 46. h4 g5 47. h5 Ke6 48. Kf3 Ra8 49. c5 Kd7 50. Be3 Kc6 51. Ke2 Ra4 52. Bf2 Bd4 53. Be1 Bxc5 54. Bf2 Ra5 55. Be3 Rb5 56. Kf3 Kd5 57. Rd2+ Ke6 58. Bxc5 Rxc5 59. Rd8 Re5 60. Rh8 g4+ 61. Kg2 f4 62. Rxh6+ Kd5 63. gxf4 Rf5 64. Kg3 Ke4 65. Re6+ Kd5 66. Re1 Rxh5 67. Kxg4 Rh1 68. Rxh1 1-0


[Site "https://www.chess.com"]

[Event "Titled Tuesday Blitz August 1 Late 2023"]
[White "NigelDwarf"]
[Black "Khater, Sherif"]
[BlackFideId "2034280"]
[WhiteElo "2508"]
[BlackElo "2599"]
[Result "1-0"]
[Round "4"]
[TimeControl "180+1"]
[Date "2023.08.01"]
[WhiteClock "0:01:12"]
[BlackClock "0:01:40"]
[Board "92"]

1. e4 e5 2. Nf3 Nf6 3. Nxe5 d6 4. Nf3 Nxe4 5. Bd3 Nc5 6. Be2 d5 7. O-O Be7 8. d4 Ne4 9. Nc3 Nxc3 10. bxc3 O-O 11. Bd3 Nd7 12. Re1 Nf6 13. h3 Re8 14. Rb1 c6 15. Bf4 b5 16. Ne5 Bb7 17. Qf3 a6 18. Bg5 h6 19. Bh4 Rf8 20. Qf5 Bc8 21. Qf3 Bb7 22. Bxf6 Bxf6 23. Qf5 Re8 24. Qh7+ Kf8 25. Nd7+ 1-0


[Site "https://www.chess.com"]

[Event "Titled Tuesday Blitz August 1 Late 2023"]
[White "Karwowski, Kacper"]
[Black "Nikolova, Adriana"]
[WhiteFideId "1126032"]
[BlackFideId "2908689"]
[WhiteElo "2557"]
[BlackElo "2426"]
[Result "1-0"]
[Round "4"]
[TimeControl "180+1"]
[Date "2023.08.01"]
[WhiteClock "0:00:24"]
[BlackClock "0:00:02"]
[Board "93"]

1. d4 d5 2. Nf3 Nf6 3. c4 c6 4. Nc3 dxc4 5. a4 Bf5 6. e3 e6 7. Bxc4 Bb4 8. O-O Nbd7 9. Qb3 Qe7 10. Rd1 Bg4 11. Be2 O-O 12. h3 Bh5 13. Qc2 a5 14. e4 e5 15. Bg5 exd4 16. Nxd4 Bg6 17. f3 Rfe8 18. Bf1 h6 19. Be3 Nh5 20. Qf2 Bd6 21. Nce2 Qe5 22. f4 Qxe4 23. f5 Qe5 24. g4 Qxe3 25. Qxe3 Rxe3 26. fxg6 Nhf6 27. gxf7+ Kxf7 28. Nf5 Bc5 29. Nxe3 Bxe3+ 30. Kh1 Ne5 31. Bg2 Nc4 32. b3 Nd2 33. Ra2 Nde4 34. Bxe4 Nxe4 35. Rf1+ Kg6 36. Kg2 Rd8 37. Ng3 Nd2 38. Rd1 Rd4 39. Nf5 Rd3 40. Nxe3 Rxe3 41. Raxd2 Rxb3 42. Rd6+ Kh7 43. Rd7 Rb2+ 44. R1d2 Rb4 45. Re2 Rxa4 46. Ree7 Ra2+ 47. Kg3 Ra3+ 48. Kh4 Kg6 49. Rxg7+ Kf6 50. Rxb7 a4 51. Rgc7 Rc3 52. Rb6 Ke5 53. Rcxc6 Rf3 54. Rxh6 a3 55. Rh5+ Kd4 56. Ra5 Kc4 57. Rba6 Kb4 58. Rxa3 1-0


[Site "https://www.chess.com"]

[Event "Titled Tuesday Blitz August 1 Late 2023"]
[White "Golubev, Mikhail"]
[Black "Reprintsev, Alexander"]
[WhiteFideId "14100983"]
[BlackFideId "14100541"]
[WhiteElo "2554"]
[BlackElo "2424"]
[Result "0-1"]
[Round "4"]
[TimeControl "180+1"]
[Date "2023.08.01"]
[WhiteClock "0:00:00"]
[BlackClock "0:00:11"]
[Board "94"]

1. e4 d5 2. exd5 Qxd5 3. Nf3 Bg4 4. Be2 Nc6 5. d4 O-O-O 6. c4 Qf5 7. Be3 Bxf3 8. Bxf3 Nxd4 9. Bxd4 Qe6+ 10. Be2 c5 11. O-O Rxd4 12. Qc2 Nf6 13. Nc3 a6 14. Rab1 Qd7 15. b4 e6 16. b5 a5 17. b6 Bd6 18. Bf3 Rd8 19. Nb5 Bb8 20. Nxd4 Qxd4 21. Rfd1 Qf4 22. Rxd8+ Kxd8 23. Qd3+ Bd6 24. g3 Qd4 25. Qb3 Kc8 26. Rd1 Qe5 27. Qa4 Qc3 28. Kg2 Be5 29. Qb5 Bd4 30. a4 g5 31. Rf1 h6 0-1


[Site "https://www.chess.com"]

[Event "Titled Tuesday Blitz August 1 Late 2023"]
[White "Womacka, Mathias"]
[Black "Doluhanova, Evgeniya"]
[WhiteFideId "4611390"]
[BlackFideId "14112035"]
[WhiteElo "2540"]
[BlackElo "2284"]
[Result "1-0"]
[Round "4"]
[TimeControl "180+1"]
[Date "2023.08.01"]
[WhiteClock "0:00:21"]
[BlackClock "0:00:01"]
[Board "95"]

1. e4 c5 2. Nf3 d6 3. d4 cxd4 4. Nxd4 Nf6 5. Nc3 a6 6. Be2 e5 7. Nb3 Be7 8. O-O Be6 9. f4 Nbd7 10. Kh1 Rc8 11. a4 O-O 12. a5 Rxc3 13. bxc3 Nxe4 14. Qd3 f5 15. Ba3 Qc7 16. Bb4 Ndc5 17. Qe3 Nxb3 18. cxb3 Bxb3 19. fxe5 dxe5 20. Bxe7 Qxe7 21. Qb6 Bd5 22. Rad1 Bc6 23. Qb4 Qxb4 24. cxb4 g6 25. Bc4+ Kg7 26. Bd5 Bxd5 27. Rxd5 Kf6 28. Rd7 Rf7 29. Rxf7+ Kxf7 30. Rc1 Nd6 31. Rc7+ Ke6 32. Rxh7 e4 33. g3 g5 34. h4 gxh4 35. Rxh4 Ke5 36. Rh6 Nb5 37. Kg2 Kd4 38. Rb6 Kc4 39. Rxb7 Kxb4 40. Rf7 Nd4 41. Kf2 Kxa5 42. Ke3 Nc6 43. Rxf5+ Kb4 44. g4 a5 45. g5 a4 46. Rf6 Ne7 47. Re6 Nf5+ 48. Kxe4 Nh4 49. Rh6 Ng2 50. g6 a3 51. g7 a2 52. Rh1 1-0


[Site "https://www.chess.com"]

[Event "Titled Tuesday Blitz August 1 Late 2023"]
[White "Rottenwohrer Suarez, Juan"]
[Black "Bashylina, Luisa"]
[WhiteFideId "32068182"]
[BlackFideId "12983292"]
[WhiteElo "2515"]
[BlackElo "2281"]
[Result "1-0"]
[Round "4"]
[TimeControl "180+1"]
[Date "2023.08.01"]
[WhiteClock "0:00:19"]
[BlackClock "0:00:18"]
[Board "96"]

1. Nf3 Nf6 2. e3 g6 3. c4 Bg7 4. Nc3 d6 5. d4 O-O 6. Be2 c5 7. d5 Re8 8. O-O e6 9. h3 Na6 10. e4 Nc7 11. dxe6 Bxe6 12. Bf4 Bf8 13. e5 dxe5 14. Qxd8 Rexd8 15. Bxe5 Nce8 16. Rad1 Bd6 17. b3 Bxe5 18. Nxe5 Nd6 19. Bf3 Rac8 20. g4 g5 21. Rfe1 h6 22. Kg2 Kg7 23. Na4 b5 24. cxb5 Nxb5 25. Nc6 Rxd1 26. Rxd1 c4 27. Nc5 c3 28. Nxe6+ fxe6 29. a4 Nd5 30. axb5 a6 31. Bxd5 exd5 32. Rxd5 axb5 33. Rc5 b4 34. Rc4 Kf6 35. Nxb4 Rb8 36. Nd5+ Ke5 37. Nxc3 Rxb3 38. Ne2 Rb2 39. Ng3 Kf6 40. Rc6+ Kg7 41. Nf5+ Kf7 42. Rxh6 Ke8 43. Rh7 Kd8 44. Rg7 Kc8 45. Rxg5 Kd8 46. Rg7 Ke8 47. h4 Kf8 48. h5 Ke8 49. h6 1-0


[Site "https://www.chess.com"]

[Event "Titled Tuesday Blitz August 1 Late 2023"]
[White "BeautiFullMindChess"]
[Black "KrokerGuy"]
[WhiteElo "2223"]
[BlackElo "2431"]
[Result "0-1"]
[Round "4"]
[TimeControl "180+1"]
[Date "2023.08.01"]
[WhiteClock "0:00:00"]
[BlackClock "0:00:02"]
[Board "97"]

1. e4 e5 2. f4 Nc6 3. Nf3 exf4 4. d4 d5 5. exd5 Qxd5 6. Bxf4 Bd6 7. Bxd6 Qxd6 8. Bb5 Qb4+ 9. Nc3 Qxb2 10. Bxc6+ bxc6 11. Ne4 Bf5 12. Ng3 Qc3+ 13. Kf2 Qxc2+ 14. Qxc2 Bxc2 15. Rhe1+ Kf8 16. Ne5 Ne7 17. Rac1 Bg6 18. Nd7+ Ke8 19. Nc5 Kd8 20. Rc3 Nd5 21. Nb7+ Kd7 22. Nc5+ Kc8 23. Rb3 Rb8 24. Ra3 Ra8 25. h4 Rd8 26. h5 Bc2 27. h6 gxh6 28. Nh5 Bg6 29. Nf4 Nxf4 30. Re7 Nd5 31. Re5 a5 32. Rb3 Rd6 0-1


[Site "https://www.chess.com"]

[Event "Titled Tuesday Blitz August 1 Late 2023"]
[White "Akbas, Umut Ata"]
[Black "De Souza, Cristiano Gomes"]
[WhiteFideId "44572646"]
[BlackFideId "2151758"]
[WhiteElo "2801"]
[BlackElo "2231"]
[Result "1-0"]
[Round "4"]
[TimeControl "180+1"]
[Date "2023.08.01"]
[WhiteClock "0:02:55"]
[BlackClock "0:02:15"]
[Board "98"]

1. g3 Nf6 2. Bg2 g6 3. c4 Bg7 4. Nc3 d6 5. d4 O-O 6. Nf3 Nc6 7. O-O Be6 8. d5 Bd7 9. dxc6 bxc6 10. e4 Rb8 11. e5 dxe5 12. Nxe5 Qc8 13. Nxc6 Bxc6 14. Bxc6 Rd8 15. Qe2 Qh3 16. Bg2 Qd7 17. Nd5 Nxd5 18. cxd5 Bf6 19. Re1 a5 20. h4 a4 21. Rb1 Qd6 22. Bg5 Kg7 23. Bxf6+ exf6 24. Qe7 Qb6 25. Rec1 Rbc8 26. Rc6 Qa5 27. Qxf6+ Kg8 28. Rbc1 Re8 29. d6 Re1+ 30. Rxe1 Qxe1+ 31. Kh2 1-0


[Site "https://www.chess.com"]

[Event "Titled Tuesday Blitz August 1 Late 2023"]
[White "Goltsev, Dmitry"]
[Black "Jahnz, Fabian"]
[WhiteFideId "24176710"]
[BlackFideId "4653300"]
[WhiteElo "2650"]
[BlackElo "2402"]
[Result "1-0"]
[Round "4"]
[TimeControl "180+1"]
[Date "2023.08.01"]
[WhiteClock "0:00:26"]
[BlackClock "0:00:07"]
[Board "99"]

1. e4 c6 2. d4 d5 3. Nc3 dxe4 4. Nxe4 Nf6 5. Ng3 Bg4 6. Nf3 Bxf3 7. gxf3 e6 8. c3 Bd6 9. Bd3 O-O 10. h4 Qc7 11. Rg1 Nbd7 12. Qc2 e5 13. Nf5 g6 14. Bh6 Rfe8 15. O-O-O exd4 16. cxd4 Bf4+ 17. Kb1 Bxh6 18. Nxh6+ Kg7 19. Qd2 Nb6 20. Nf5+ Kh8 21. Qh6 Rg8 22. Rde1 Nbd5 23. Ng3 Qf4 24. Qg5 Qxf3 25. Bc2 Qf4 26. Qxf4 Nxf4 27. Re7 Rgf8 28. Rxb7 N6d5 29. Ne4 Kg7 30. Ng5 Rab8 31. Rxa7 Nc3+ 32. Ka1 Nce2 33. Rd1 Rb4 34. Bb3 Rxd4 35. Rxd4 Nxd4 36. Bxf7 Kh6 37. Be6 Kh5 38. Rxh7# 1-0


[Site "https://www.chess.com"]

[Event "Titled Tuesday Blitz August 1 Late 2023"]
[White "Goldin, Alexander"]
[Black "Sari, Yasin"]
[WhiteFideId "2019540"]
[BlackFideId "6320902"]
[WhiteElo "2597"]
[BlackElo "2402"]
[Result "1-0"]
[Round "4"]
[TimeControl "180+1"]
[Date "2023.08.01"]
[WhiteClock "0:02:20"]
[BlackClock "0:01:56"]
[Board "100"]

1. d4 Nf6 2. Nf3 g6 3. g3 Bg7 4. Bg2 O-O 5. O-O d6 6. c4 Nc6 7. Nc3 a6 8. h3 Rb8 9. e4 e5 10. dxe5 Nxe5 11. Nxe5 dxe5 12. Qxd8 Rxd8 13. Bg5 c6 14. f4 h5 15. fxe5 1-0


[Site "https://www.chess.com"]

[Event "Titled Tuesday Blitz August 1 Late 2023"]
[White "Silva Lucena, Cristian"]
[Black "Manukyan, Sargis V."]
[WhiteFideId "2232588"]
[BlackFideId "13303465"]
[WhiteElo "2401"]
[BlackElo "2592"]
[Result "0-1"]
[Round "4"]
[TimeControl "180+1"]
[Date "2023.08.01"]
[WhiteClock "0:00:10"]
[BlackClock "0:00:06"]
[Board "101"]

1. e4 e6 2. d4 d5 3. e5 c5 4. c3 Nc6 5. Nf3 Nh6 6. a3 Nf5 7. b4 cxd4 8. cxd4 Bd7 9. Bb2 b5 10. Bxb5 Nxe5 11. Bxd7+ Nxd7 12. O-O Nb6 13. Nbd2 Rc8 14. Rc1 Be7 15. Ne5 O-O 16. Nb3 Nc4 17. Nxc4 Rxc4 18. Na5 Rxc1 19. Qxc1 Bf6 20. Rd1 Qb6 21. Nb3 h5 22. Nc5 Qd6 23. Qd2 h4 24. h3 g6 25. a4 Rc8 26. Qe2 Bg7 27. Qd2 Bh6 28. Qd3 Bf8 29. a5 Qf4 30. Bc1 Qb8 31. Qa3 Bg7 32. Be3 Nxe3 33. fxe3 Qg3 34. Qd3 e5 35. Qd2 Bh6 36. Qd3 Bxe3+ 37. Kh1 exd4 38. Rf1 Rb8 39. b5 Qd6 40. Na6 Rc8 41. Qb3 Rc3 42. Qa2 d3 43. b6 axb6 44. axb6 Bxb6 45. Qa4 Rc8 46. Qg4 Rf8 47. Nb4 d2 48. Nd3 Be3 49. Qf3 Qe6 50. Nb4 d4 51. Nd5 Kg7 52. Nc7 Qe5 53. Nd5 f5 54. Nb4 Qe4 55. Qe2 Rc8 56. Nd3 Rc3 57. Nf2 Bxf2 58. Qxf2 Rc1 59. Kh2 Rxf1 60. Qxf1 Qe1 61. Qc4 Qg3+ 62. Kg1 d1=Q+ 0-1


[Site "https://www.chess.com"]

[Event "Titled Tuesday Blitz August 1 Late 2023"]
[White "ElenGajger"]
[Black "Pesotskiy, Mikhail"]
[BlackFideId "34164453"]
[WhiteElo "2563"]
[BlackElo "2387"]
[Result "0-1"]
[Round "4"]
[TimeControl "180+1"]
[Date "2023.08.01"]
[WhiteClock "0:00:06"]
[BlackClock "0:01:05"]
[Board "102"]

1. e4 e6 2. d4 d5 3. Nc3 Bb4 4. e5 c5 5. a3 Ba5 6. dxc5 Bxc3+ 7. bxc3 Ne7 8. f4 Nd7 9. Be3 Qa5 10. Qd2 Nf5 11. Bd4 Nxc5 12. Nf3 O-O 13. Bd3 Nxd3+ 14. Qxd3 Bd7 15. Rb1 b6 16. O-O Rac8 17. g4 Nxd4 18. cxd4 Rc3 19. Qd2 Rfc8 20. f5 Rxa3 21. Qf4 Qc3 22. Rbe1 Qxc2 23. Ng5 Ra2 24. Qg3 Rc3 25. Nf3 Bb5 26. fxe6 fxe6 27. Rf2 Qxf2+ 28. Qxf2 Rxf2 29. Kxf2 h6 30. Nh4 a5 31. Ng6 Be8 32. Ne7+ Kf7 33. Nxd5 exd5 34. e6+ Ke7 0-1


[Site "https://www.chess.com"]

[Event "Titled Tuesday Blitz August 1 Late 2023"]
[White "Eggleston, Thomas A"]
[Black "vishwa_vijeta"]
[WhiteFideId "412139"]
[WhiteElo "2382"]
[BlackElo "2562"]
[Result "0-1"]
[Round "4"]
[TimeControl "180+1"]
[Date "2023.08.01"]
[WhiteClock "0:00:06"]
[BlackClock "0:01:23"]
[Board "103"]

1. e4 c5 2. Nf3 d6 3. Bc4 Nc6 4. O-O g6 5. Re1 Bg7 6. c3 e6 7. d4 cxd4 8. cxd4 Nge7 9. Nc3 O-O 10. Bb3 d5 11. e5 h6 12. h4 Nf5 13. g3 Bd7 14. Bf4 Rc8 15. Qd2 Na5 16. Kg2 Nc4 17. Bxc4 dxc4 18. Ne4 Bc6 19. Kh3 Bxe4 20. Rxe4 Qd5 21. Rae1 h5 22. Bg5 a5 23. Bf6 b5 24. Bxg7 Kxg7 25. Rf4 b4 26. Ree4 c3 27. bxc3 Rxc3 28. Ng5 Rfc8 29. Re3 Qh1# 0-1


[Site "https://www.chess.com"]

[Event "Titled Tuesday Blitz August 1 Late 2023"]
[White "Hajiyev, Kanan"]
[Black "Bueno, Alfeu Junior Varela"]
[WhiteFideId "13404148"]
[BlackFideId "2108879"]
[WhiteElo "2535"]
[BlackElo "2376"]
[Result "1-0"]
[Round "4"]
[TimeControl "180+1"]
[Date "2023.08.01"]
[WhiteClock "0:00:19"]
[BlackClock "0:00:00"]
[Board "104"]

1. d4 e6 2. Nf3 f5 3. c4 b6 4. g3 Bb7 5. Bg2 Nf6 6. Nh4 Bxg2 7. Nxg2 Be7 8. O-O O-O 9. Nc3 Bb4 10. Qc2 Bxc3 11. Qxc3 d6 12. Re1 Nbd7 13. b3 e5 14. dxe5 dxe5 15. Ba3 c5 16. Rad1 Qe7 17. Ne3 f4 18. Nd5 Nxd5 19. Rxd5 Rae8 20. Bb2 Qf7 21. Qf3 Qf5 22. gxf4 Qc2 23. Rxd7 Qxb2 24. f5 e4 25. Qg4 e3 26. f3 Qe5 27. Rd5 Qc3 28. Red1 Qc2 29. Rd7 Rf7 30. Rxf7 Kxf7 31. Rd7+ Re7 32. Rxe7+ Kxe7 33. Qe4+ Qxe4 34. fxe4 Kf6 35. Kg2 Ke5 36. Kf3 Kd4 37. Kf4 a5 38. e5 a4 39. e6 a3 40. e7 Kc3 41. e8=Q Kb2 42. Qxe3 Kxa2 43. Qc3 Kb1 44. Qxg7 a2 45. e4 h5 46. h4 1-0


[Site "https://www.chess.com"]

[Event "Titled Tuesday Blitz August 1 Late 2023"]
[White "Balla, Tamas-Kristof"]
[Black "Fiorito, Francisco"]
[WhiteFideId "1208497"]
[BlackFideId "180165"]
[WhiteElo "2373"]
[BlackElo "2532"]
[Result "0-1"]
[Round "4"]
[TimeControl "180+1"]
[Date "2023.08.01"]
[WhiteClock "0:00:00"]
[BlackClock "0:00:49"]
[Board "105"]

1. e4 a6 2. d4 b5 3. Bd3 Bb7 4. c3 e6 5. f4 c5 6. Nf3 d5 7. e5 Nc6 8. O-O Nge7 9. Qe2 cxd4 10. cxd4 Qb6 11. Be3 Nb4 12. Nc3 Nxd3 13. Qxd3 Nf5 14. Bf2 h5 15. Ng5 Bc6 16. a3 a5 17. Rac1 b4 18. axb4 axb4 19. Ne2 Bb5 20. Qf3 Be7 21. Rfd1 Bxg5 22. fxg5 g6 23. Rc5 Bd7 24. Rdc1 Qd8 25. h4 O-O 26. Qb3 Qb6 27. Ng3 Ng7 28. Rc7 Ba4 29. Qf3 Bb5 30. Qf6 Bc4 31. Rc5 Ra2 32. Rc2 b3 33. Rd2 Rfa8 34. Ne2 Ne8 35. Qf3 Qb4 36. Be3 Ra1+ 37. Kh2 Ng7 38. Nf4 Nf5 39. Rf2 Qe1 0-1


[Site "https://www.chess.com"]

[Event "Titled Tuesday Blitz August 1 Late 2023"]
[White "Zhang, Derek"]
[Black "Kanyamarala, Trisha"]
[WhiteFideId "2087871"]
[BlackFideId "45004722"]
[WhiteElo "2524"]
[BlackElo "2372"]
[Result "1-0"]
[Round "4"]
[TimeControl "180+1"]
[Date "2023.08.01"]
[WhiteClock "0:01:51"]
[BlackClock "0:01:51"]
[Board "106"]

1. Nf3 d5 2. c4 d4 3. b4 c5 4. e3 Nc6 5. b5 Nb8 6. exd4 cxd4 7. Bb2 Bg4 8. h3 Bh5 9. g4 Bg6 10. Nxd4 e5 11. Nb3 Nf6 12. Bg2 Qc7 13. O-O Be7 14. Re1 Nbd7 15. d4 e4 16. N1d2 O-O 17. Rc1 Bb4 18. a3 Bxd2 19. Nxd2 Nb6 20. Nxe4 Nxe4 21. Bxe4 Bxe4 22. Rxe4 Nxc4 23. Qc2 Rac8 24. d5 Nxb2 25. Qxc7 Rxc7 26. Rxc7 Nd3 27. d6 1-0


[Site "https://www.chess.com"]